 Dungeon Crawl Stone Soup version 0.19-a0-713-g934ebc7 (webtiles) character file.

492573 Exeterus the Executioner (level 23, -1/213 HPs)
             Began as a Minotaur Fighter on June 20, 2016.
             Was the Champion of Okawaru.
             Killed from afar by a deep elf annihilator (55 damage)
             ... with an iron shot
             ... on level 3 of the Elven Halls.
             The game lasted 02:55:51 (60071 turns).

Exeterus the Executioner (Minotaur Fighter)        Turns: 60071, Time: 02:55:51

Health: -1/213     AC: 44    Str: 38    XL:     23   Next: 61%
Magic:  37/37      EV: 17    Int:  7    God:    Okawaru [******]
Gold:   5832       SH: 18    Dex: 13    Spells: 8 memorised, 23 levels left

rFire  . . .     SeeInvis +     a - +8 broad axe of the Ghost {speed, Str+6}
rCold  . . .     Gourm    .     o - +9 crystal plate armour "Irhyuwk" {Str+3}
rNeg   + + +     Faith    .     K - +1 shield {reflect}
rPois  +         Spirit   .     i - +0 mask of the Dragon {MR+ Slay+3 SInv}
rElec  .         Dismiss  .     I - +2 cloak {+Inv}
rCorr  .         Reflect  +     Q - +2 pair of gloves "Numpe" {rPois rN+}
SustAt .         Harm     .     u - +0 pair of boots {Fly}
MR     ++++.                    C - amulet "Gozyorev" {+Rage rPois MR+ Int-4 Slay+5}
Stlth  ..........               r - ring of protection from magic
                                y - ring "Mias" {*Drain rN++ Int+4 Dex+3 Stlth+}

@: lethally poisoned (-1 -> -2), flying, incredibly resistant to hostile
enchantments, extremely unstealthy
A: retaliatory headbutt, horns 2, subdued magic 1
a: Heroism, Finesse, Renounce Religion, Evoke Berserk Rage, Evoke Invisibility,
Stop Flying
}: 3/15 runes: decaying, silver, gossamer


You were on level 3 of the Elven Halls.
You worshipped Okawaru.
Okawaru was exalted by your worship.
You were not hungry.

You visited 10 branches of the dungeon, and saw 44 of its levels.
You also visited: Ossuary and Bailey.

You collected 7004 gold pieces.
You spent 1172 gold pieces at shops.

Inventory:

Hand Weapons
 a - the +8 broad axe of the Ghost (weapon) {speed, Str+6}
   (You found it on level 1 of the Orcish Mines)

   Attacks with this weapon are significantly faster.
   It affects your strength (+6).
 j - the +8 spear "Reckow" {speed, Str+4 Int+2}
   (You found it in a bailey)

   Attacks with this weapon are significantly faster.
   It affects your strength (+4).
   It affects your intelligence (+2).
 U - a +7 broad axe of chopping
Armour
 i - the +0 mask of the Dragon (worn) {MR+ Slay+3 SInv}
   (You found it on level 3 of the Crypt)

   It affects your accuracy and damage with ranged weapons and melee attacks
   (+3).
   It affects your resistance to hostile enchantments.
   It lets you see invisible.
 o - the +9 crystal plate armour "Irhyuwk" (worn) {Str+3}
   (Okawaru gifted it to you on level 1 of the Spider Nest)

   It affects your strength (+3).
 u - a +0 pair of boots of flying (worn)
 I - a +2 cloak of invisibility (worn)
 K - a +1 shield of reflection (worn)
 Q - the +2 pair of gloves "Numpe" (worn) {rPois rN+}
   (Okawaru gifted it to you on level 5 of the Lair of Beasts)

   It protects you from poison.
   It protects you from negative energy.
Jewellery
 r - a ring of protection from magic (right hand)
 y - the ring "Mias" (left hand) {*Drain rN++ Int+4 Dex+3 Stlth+}
   (You took it off a yaktaur captain on level 5 of the Vaults)

   [ring of intelligence]

   It affects your intelligence (+4).
   It affects your dexterity (+3).
   It greatly protects you from negative energy.
   It causes draining when unequipped.
   It makes you more stealthy.
 C - the amulet "Gozyorev" (around neck) {+Rage rPois MR+ Int-4 Slay+5}
   (You acquired it on level 5 of the Vaults)

   [amulet of rage]

   It affects your intelligence (-4).
   It affects your accuracy and damage with ranged weapons and melee attacks
   (+5).
   It protects you from poison.
   It affects your resistance to hostile enchantments.
   It lets you go berserk.
 L - an uncursed ring of protection from fire
Wands
 p - a wand of paralysis (13/24)
 s - a wand of digging (12/24)
 V - a wand of confusion (24/48)
Scrolls
 b - a scroll of holy word
 g - 15 scrolls of remove curse
 k - a scroll of blinking
 m - a scroll of amnesia
 t - 2 scrolls of summoning
 w - 10 scrolls of identify
 z - 4 scrolls of recharging
 F - 4 scrolls of magic mapping
 M - 5 scrolls of fog
 O - 2 scrolls of fear
 P - 17 scrolls of teleportation
 S - a scroll of silence
Potions
 d - a potion of ambrosia
 e - 17 potions of curing
 n - 2 potions of haste
 B - 5 potions of cancellation
 E - 3 potions of resistance
 J - 5 potions of magic
 N - a potion of berserk rage
 X - 4 potions of heal wounds
Miscellaneous
 R - 2 sacks of spiders
Comestibles
 c - 11 chunks of flesh
 f - 26 bread rations
 h - 3 fruits
 l - 22 meat rations
 v - a beef jerky
 x - 11 royal jellies


   Skills:
 + Level 19.0 Fighting
 * Level 24.8 Axes
 + Level 18.7 Armour
 + Level 17.4 Dodging
 + Level 19.0 Shields
 + Level 11.9 Spellcasting
 - Level 4.8 Invocations
 - Level 6.1 Evocations


You had 23 spell levels left.
You knew the following spells:

 Your Spells              Type           Power        Failure   Level  Hunger
a - Regeneration          Chrm/Necr      #.........   100%        3    ###....
b - Apportation           Tloc           #.........   91%         1    None
c - Blink                 Tloc           N/A          98%         2    #......
d - Repel Missiles        Chrm/Air       #.....       98%         2    #......
e - Passwall              Tmut/Erth      #.........   98%         2    #......
f - Shroud of Golubria    Chrm/Tloc      #.........   98%         2    #......
g - Song of Slaying       Chrm           #.......     98%         2    #......
h - Necromutation         Tmut/Necr      #.........   100%        8    #######


Dungeon Overview and Level Annotations

Branches:
Dungeon (15/15)            Temple (1/1) D:4            Lair (6/6) D:10
  Swamp (4/4) Lair:4       Spider (4/4) Lair:2        Slime (0/5) Lair:6
    Orc (2/2) D:10            Elf (3/3) Orc:2        Vaults (5/5) D:13
  Crypt (3/3) Vaults:3       Tomb (0/3) Crypt:3      Depths (1/5) D:15

Altars:
Ashenzari
Cheibriados
Dithmenos
Elyvilon
Fedhas
Gozag
Hepliaklqana
Kikubaaqudgha
Makhleb
Nemelex Xobeh
Okawaru
Pakellas
Qazlal
Ru
Sif Muna
Trog
Uskayaw
Vehumet
Xom
Yredelemnul
Zin
The Shining One
Beogh

Shops:
D:7 !   D:8 ?   D:9 !   D:11 [   D:15 :   Orc:1 %   Orc:2 %=(=*   Vaults:1 %
Vaults:2 %


Innate Abilities, Weirdness & Mutations

You reflexively headbutt those who attack you in melee.
You have a pair of horns on your head.
Your spells are a little easier to cast, but a little less powerful.


Message History

The deep elf mage gestures wildly while chanting.
The deep elf mage blinks!
The deep elf high priest calls down the wrath of its god upon you.
Something smites you!
Items here: $ )) [ a scimitar of slicing; a lajatang; a scale mail; 38 gold pieces You feel sick.
There is a fountain of sparkling water here.
You feel sick.
The deep elf high priest invokes the aid of its god against you.
Something smites you!
* * * LOW HITPOINT WARNING * * *
The deep elf knight mumbles some strange words.
The deep elf knight flickers and vanishes for a moment.
You feel sick.
You see here an arrow.
You feel sick.
The deep elf annihilator points at you and mumbles some strange words.
The iron shot hits you!
You die...

**,,,,***,,,,**,,*
#..))...
.#*,,,,*,,,,******
###)..)... ..##,,,,,,,**
*### #..)......
.....,,,,,** *..#
#.#....... .ยง...*,,,###
*#.# #.#.......
..#..#*,##.## #.#
#.#....... *#..eE###...##
#.# #.########
##...Ee#.)..)###.# #)#
#....ee))ee.e.(.@#######[#
##..e.e#.).).##..[[..))..#
*#....###.).###..#########
..#..#*,##.## #....#
.....*,,,### #....#
.....,,,,,** #....#
..##,,,,,,,** #....#
.#*,,,,*,,,,**#....#
**,,,,***,,,,*#....#


You could see a deep elf blademaster, a deep elf annihilator and a deep elf
death mage.

Vanquished Creatures
  Mara (Vaults:2)
  2 ancient liches
  Frederick (Vaults:4)
  Margery (Crypt:1)
  Bai Suzhen (Swamp:3)
  2 golden dragons (Vaults:5)
  A large abomination (Vaults:5)
  2 liches (Crypt:3)
  6 tentacled monstrosities
  3 titans (Vaults:5)
  A quicksilver dragon (Vaults:5)
  A deep elf blademaster (Elf:3)
  2 thorn hunters (Swamp:3)
  4 sphinxes
  3 ancient champions
  3 shadow dragons
  Agnes (Elf:1)
  6 tengu reavers (Vaults:5)
  Kirke (Swamp:1)
  5 revenants
  15 vault wardens
  Donald (Swamp:3)
  A fire giant (Vaults:5)
  2 iron dragons (Vaults:5)
  Maud (Lair:3)
  2 frost giants
  Louise (Swamp:2)
  6 ghost moths
  3 deep elf sorcerers (Elf:3)
  7 emperor scorpions
  4 curse skulls
  A deep elf elementalist (Vaults:5)
  2 ghouls (Crypt:3)
  A juggernaut skeleton (Crypt:1)
  4 very ugly things
  12 ironheart preservers
  2 reapers (Crypt:3)
  10 stone giants
  4 entropy weavers
  5 deep elf demonologists
  2 vampire knights (Crypt:3)
  2 spark wasps (Spider:4)
  10 deep elf annihilators
  8 eidola
  6 ettins
  A spectral quicksilver dragon (Crypt:3)
  11 deep elf death magi
  7 jiangshi
  3 deep elf high priests (Vaults:5)
  6 yaktaur captains
  3 fire dragons
  24 hydras
  An ice dragon (Swamp:4)
  29 vault guards
  Harold (Lair:3)
  3 catoblepae
  10 alligators
  5 centaur warriors
  5 death knights
  A spectral fire giant (Crypt:3)
  13 ogre magi
  31 dancing weapons
  4 vampire magi
  12 death yaks
  A deep troll shaman (Crypt:1)
  4 orc high priests
  Urug (Orc:1)
  3 hell knights (Crypt:1)
  A storm dragon zombie (Vaults:1)
  A fire crab (shapeshifter) (Vaults:5)
  20 deep elf knights
  2 ghost moth zombies
  4 soul eaters
  2 fire crabs
  5 unseen horrors
  An iron troll (shapeshifter) (Vaults:5)
  11 flayed ghosts
  12 shadow wraiths
  13 skeletal warriors
  A spectral iron dragon (Crypt:3)
  12 swamp dragons
  2 spriggan druids (Swamp:4)
  14 hill giants
  4 shambling mangroves
  15 deep elf archers
  11 ironbrand convokers
  The ghost of Etesian the Cleaver, a novice HOFi of Qazlal (D:7)
  2 wolf spider zombies
  8 necromancers
  15 orb spiders
  A sphinx zombie (Crypt:3)
  13 orc knights
  32 phantasmal warriors
  An iron dragon zombie (Crypt:3)
  3 harpies (Vaults:3)
  A faun (shapeshifter) (Vaults:5)
  A spectral ettin (Crypt:3)
  68 deep elf magi
  A wizard (D:15)
  7 orc sorcerers
  A shadow dragon skeleton (Crypt:3)
  A shining eye (shapeshifter) (Vaults:5)
  4 griffons
  2 moths of wrath
  29 ugly things
  10 hornets
  A salamander (shapeshifter) (Vaults:2)
  2 manticores
  A sphinx skeleton (Crypt:1)
  34 wolf spiders
  7 cyclopes
  6 elephants (Lair:5)
  3 stone giant zombies
  2 fire giant skeletons (Crypt:2)
  A naga mage (D:15)
  14 vault sentinels
  7 black mambas
  4 torpor snails
  2 gargoyles
  31 spiny frogs
  A rime drake (shapeshifter) (Vaults:3)
  7 centaur skeletons
  5 demonic crawlers
  2 redback zombies
  An iron troll zombie (Crypt:1)
  5 kobold demonologists
  A komodo dragon (shapeshifter) (Vaults:5)
  7 rime drakes
  10 komodo dragons
  28 yaktaurs
  An efreet (D:14)
  13 freezing wraiths
  A human zombie (Vaults:3)
  A queen bee (D:10)
  A hydra zombie (Crypt:1)
  A yellow draconian skeleton (Crypt:2)
  A golden dragon simulacrum (Crypt:1)
  A meliai (shapeshifter) (Vaults:5)
  23 jumping spiders
  4 small abominations (Vaults:5)
  11 trolls
  2 polar bears
  7 giant leeches
  A hydra skeleton (Crypt:1)
  2 blink frogs (shapeshifter)
  27 two-headed ogres
  5 bog bodies
  A wind drake (shapeshifter) (Vaults:3)
  An ice dragon zombie (Crypt:1)
  6 blink frogs (Lair:6)
  30 slime creatures
  3 human simulacra
  Sigmund (D:2)
  4 boulder beetles
  22 flying skulls
  110 redbacks
  A tarantella (shapeshifter) (Elf:2)
  27 tarantellas
  4 spriggans
  2 air elementals
  16 shadows
  18 wraiths
  A wyvern (Lair:6)
  2 vampires
  The ghost of Exeterus the Chopper, an amateur MiFi (D:4)
  A water elemental (Elf:1)
  A basilisk (shapeshifter) (Vaults:3)
  A black mamba skeleton (Crypt:3)
  2 fire elementals (Elf:1)
  3 basilisks
  3 hogs (Swamp:1)
  5 hungry ghosts (Crypt:3)
  A golden eye (shapeshifter) (Elf:3)
  10 hippogriffs
  Eustachio (D:4)
  A human (shapeshifter) (Vaults:5)
  43 yaks
  31 vampire mosquitoes
  An elf skeleton (Vaults:1)
  5 wargs
  A yaktaur simulacrum (Vaults:1)
  Menkaure (D:5)
  18 insubstantial wisps
  20 swamp worms
  2 deep troll zombies (Crypt:1)
  A harpy simulacrum (Crypt:1)
  3 mottled dragons
  Edmund (D:5)
  13 water moccasins
  A soldier ant (D:13)
  A spiny frog skeleton (Crypt:2)
  11 porcupines
  2 deep troll skeletons
  An elephant zombie (Crypt:1)
  A black bear (shapeshifter) (Vaults:3)
  35 orc warriors
  3 ice beasts
  A sky beast (D:6)
  5 black bears
  2 phantoms
  15 swamp drakes
  61 ogres
  5 boggarts
  21 wolves
  10 centaurs
  An eye of draining (D:14)
  A necrophage (Crypt:3)
  18 wasps
  A manticore skeleton (Crypt:1)
  A snapping turtle skeleton (Crypt:2)
  11 crocodiles
  7 big kobolds
  A big kobold (shapeshifter) (Vaults:2)
  An anubis guard skeleton (Crypt:1)
  44 giant frogs
  A komodo dragon zombie (Crypt:3)
  4 earth elementals
  A salamander skeleton (Crypt:1)
  3 wyvern zombies
  8 gnoll sergeants (Bailey)
  A deep troll simulacrum (Crypt:1)
  7 water moccasin zombies
  6 wyvern skeletons
  5 scorpions
  16 killer bees
  A boulder beetle zombie (Vaults:1)
  10 wights
  5 electric eels
  A raiju skeleton (Crypt:3)
  6 crimson imps
  4 centaur zombies
  2 wasp zombies
  2 giant frog zombies (D:12)
  4 jellies
  3 quasits
  6 gnoll shamans (Bailey)
  22 orc priests
  8 giant frog skeletons
  8 hounds
  24 orc wizards
  A two-headed ogre zombie (Crypt:2)
  A black bear skeleton (Crypt:3)
  5 iguanas
  Natasha (thrice) (D:3)
  16 worker ants
  A porcupine zombie (Crypt:3)
  23 sheep
  A big kobold zombie (Ossuary)
  A big kobold skeleton (Crypt:1)
  A hound skeleton (D:7)
  3 mummies
  A worker ant zombie (D:7)
  17 adders
  18 gnolls
  63 river rats
  3 shadow imps
  A steam dragon skeleton (Crypt:3)
  An ooze (D:3)
  4 adder zombies
  A sheep zombie (Crypt:2)
  An adder skeleton (D:4)
  3 dart slugs
  7 giant geckos
  89 orcs
  17 bats
  A bat skeleton (Crypt:3)
  5 giant cockroaches
  A gnoll zombie (Ossuary)
  15 hobgoblins
  16 jackals
  20 kobolds
  2 quokkas
  5 ball pythons
  A giant gecko zombie (D:7)
  12 giant newts
  12 goblins
  A goblin zombie (Crypt:3)
  6 hobgoblin zombies (Ossuary)
  A kobold skeleton (Crypt:2)
  5 kobold zombies (Ossuary)
  6 orc zombies (Ossuary)
  A quokka zombie (D:8)
  10 rats
  7 briar patches (Swamp:3)
  5 crawling corpses
  4 fungi
  A lost soul (Crypt:2)
  8 plants
2219 creatures vanquished.

Vanquished Creatures (others)
  A titan (Vaults:5)
  A deep elf master archer (Elf:3)
  A deep elf demonologist (Elf:2)
  3 deep elf archers
  2 deep elf magi
  3 yaktaurs
  2 giant leeches (Swamp:3)
  3 humans
  An orc (Vaults:1)
  A crawling corpse (Vaults:5)
  21 fungi
  5 lost souls (Crypt:3)
  42 plants
86 creatures vanquished.

Grand Total: 2305 creatures vanquished

Notes
Turn   | Place    | Note
--------------------------------------------------------------
     0 | D:1      | Exeterus the Minotaur Fighter began the quest for the Orb.
     0 | D:1      | Reached XP level 1. HP: 19/19 MP: 0/0
    73 | D:1      | Reached XP level 2. HP: 5/27 MP: 1/1
   356 | D:1      | Reached skill level 3 in Axes
   696 | D:1      | Reached XP level 3. HP: 33/33 MP: 2/2
  1036 | D:1      | Reached skill level 1 in Dodging
  1146 | D:2      | Found an ancient bone altar of Kikubaaqudgha.
  1235 | D:2      | Found a shattered altar of Ashenzari.
  1393 | D:2      | Reached XP level 4. HP: 34/40 MP: 3/3
  1495 | D:2      | Noticed Sigmund
  1504 | D:2      | Killed Sigmund
  1504 | D:2      | Reached skill level 4 in Axes
  1504 | D:2      | Reached skill level 1 in Spellcasting
  1504 | D:2      | Reached XP level 5. HP: 41/46 MP: 3/5
  1587 | D:2      | Found a hide-covered altar of Uskayaw.
  1779 | D:3      | Reached XP level 6. HP: 52/52 MP: 6/6
  2066 | D:3      | Noticed Natasha
  2070 | D:3      | Killed Natasha
  2150 | D:3      | Found an oddly glowing altar of Pakellas.
  2183 | D:3      | Reached skill level 5 in Axes
  2290 | D:3      | Noticed Natasha
  2301 | D:3      | Killed Natasha
  2512 | D:3      | Noticed Natasha
  2516 | D:3      | Killed Natasha
  3036 | D:4      | Noticed Exeterus's ghost (amateur MiFi)
  3411 | D:4      | Reached XP level 7. HP: 52/60 MP: 8/8
  3664 | D:4      | Found a staircase to the Ecumenical Temple.
  3680 | Temple   | Entered the Ecumenical Temple
  3870 | D:4      | Found a basalt altar of Yredelemnul.
  3959 | D:4      | Reached skill level 5 in Armour
  3975 | D:4      | Killed Exeterus's ghost
  3975 | D:4      | Reached skill level 5 in Fighting
  3975 | D:4      | Reached skill level 6 in Axes
  3975 | D:4      | Reached skill level 5 in Shields
  4267 | D:4      | Noticed Eustachio
  4285 | D:4      | Killed Eustachio
  4648 | D:4      | Reached XP level 8. HP: 59/68 MP: 10/10
  5057 | D:5      | Entered Level 5 of the Dungeon
  5234 | D:5      | Noticed Edmund
  5242 | D:5      | Reached skill level 7 in Axes
  5248 | D:5      | Killed Edmund
  5694 | D:5      | Noticed Menkaure
  5703 | D:5      | Killed Menkaure
  6488 | D:6      | Reached XP level 9. HP: 75/75 MP: 12/12
  6914 | D:6      | Reached skill level 8 in Axes
  7866 | D:7      | Reached skill level 5 in Dodging
  7881 | D:7      | Found Remif's Distillery.
  7884 | D:7      | Bought a potion of degeneration for 13 gold pieces
  7945 | D:7      | Found a hazy altar of Hepliaklqana.
  7946 | D:7      | Found a sparkling altar of Nemelex Xobeh.
  8063 | D:7      | Noticed Etesian's ghost (novice HOFi)
  8088 | D:7      | Killed Etesian's ghost
  8088 | D:7      | Reached skill level 9 in Axes
  8786 | D:8      | Found a bloodstained altar of Trog.
  8901 | D:8      | Found an opulent altar of Gozag.
  8977 | D:8      | Found Bem Diuq's Magic Scroll Shop.
  9022 | D:8      | Found an iron altar of Okawaru.
  9034 | D:8      | Became a worshipper of Warmaster Okawaru
  9051 | D:8      | Found a sand-covered staircase.
  9060 | Ossuary  | Entered an ossuary
  9130 | Ossuary  | Reached XP level 10. HP: 82/86 MP: 14/14
  9927 | D:8      | Found a deep blue altar of Sif Muna.
 10086 | D:9      | Reached * piety under Okawaru
 10327 | D:9      | Reached skill level 10 in Axes
 10590 | D:9      | Found Qonlurr's Distillery.
 10698 | D:10     | Entered Level 10 of the Dungeon
 10698 | D:10     | Found a staircase to the Orcish Mines.
 10711 | D:10     | Reached ** piety under Okawaru
 10984 | D:10     | Found an opulent altar of Gozag.
 11386 | D:10     | Found a staircase to the Lair.
 11417 | D:10     | Reached *** piety under Okawaru
 11773 | D:10     | Noticed a hill giant
 11784 | D:10     | Killed a hill giant
 11784 | D:10     | Reached skill level 11 in Axes
 11784 | D:10     | Reached XP level 11. HP: 84/94 MP: 16/16
 11973 | Lair:1   | Entered Level 1 of the Lair of Beasts
 11993 | Lair:1   | Noticed a five-headed hydra
 12003 | Lair:1   | Killed a five-headed hydra
 12003 | Lair:1   | Reached **** piety under Okawaru
 12732 | Lair:1   | You fall through a shaft!
 13507 | Lair:2   | Reached ***** piety under Okawaru
 13667 | Lair:2   | Reached skill level 5 in Spellcasting
 13891 | Lair:2   | Noticed a death yak
 13891 | Lair:2   | Noticed a death yak
 13892 | Lair:2   | Noticed a death yak
 13901 | Lair:2   | Killed a death yak
 13907 | Lair:2   | Killed a death yak
 13907 | Lair:2   | Received a gift from Okawaru
 13907 | Lair:2   | Reached skill level 12 in Axes
 13910 | Lair:2   | Killed a death yak
 14078 | Lair:2   | Found a hole to the Spider Nest.
 14607 | Lair:3   | Noticed Harold
 14622 | Lair:3   | Reached skill level 1 in Invocations
 14627 | Lair:3   | Killed Harold
 14627 | Lair:3   | Reached XP level 12. HP: 59/105 MP: 18/18
 15030 | Lair:3   | Reached skill level 10 in Armour
 15149 | Lair:3   | Noticed Maud
 15164 | Lair:3   | Killed Maud
 15164 | Lair:3   | Received a gift from Okawaru
 15164 | Lair:3   | Reached skill level 10 in Shields
 15913 | Lair:3   | Noticed a death yak
 15916 | Lair:3   | Noticed a death yak
 15929 | Lair:3   | Killed a death yak
 15930 | Lair:3   | Killed a death yak
 16313 | Lair:3   | Reached skill level 10 in Fighting
 16366 | Lair:3   | Noticed a six-headed hydra
 16374 | Lair:3   | Killed a six-headed hydra
 16374 | Lair:3   | Reached skill level 13 in Axes
 16811 | Lair:4   | Found a staircase to the Swamp.
 18028 | Lair:5   | Received a gift from Okawaru
 18033 | Lair:5   | Got a pair of distressingly furry gloves {god gift}
 18039 | Lair:5   | Identified the +2 pair of gloves "Numpe" {rPois rN+} (Okawaru gifted it to you on level 5 of the Lair of Beasts)
 18407 | Lair:5   | Reached XP level 13. HP: 71/114 MP: 20/20
 19401 | Lair:6   | Entered Level 6 of the Lair of Beasts
 19433 | Lair:5   | Reached skill level 14 in Axes
 19752 | Lair:6   | Found a staircase to the Slime Pits.
 20361 | Lair:5   | Reached ****** piety under Okawaru
 20667 | Lair:6   | Received a gift from Okawaru
 21145 | Lair:5   | Reached skill level 1 in Evocations
 21702 | Lair:5   | Reached skill level 10 in Dodging
 21988 | Lair:6   | Reached XP level 14. HP: 95/124 MP: 22/22
 22939 | Lair:6   | Received a gift from Okawaru
 22939 | Lair:6   | Reached skill level 15 in Axes
 23924 | D:11     | Found a flagged portal.
 23939 | Bailey   | Entered a bailey
 24403 | Bailey   | Got an ebony spear
 24405 | Bailey   | Identified the +8 spear "Reckow" {speed, Str+4 Int+2} (You found it in a bailey)
 24820 | D:11     | Found Guodghibe's Antique Armour Shoppe.
 24865 | D:11     | Bought a translucent plate armour for 784 gold pieces
 24875 | D:11     | Identified the +9 plate armour of Surprise {rPois rF+ rN+ Dex+4} (You bought it in a shop on level 11 of the Dungeon)
 25142 | D:11     | Received a gift from Okawaru
 25629 | D:12     | Got a shimmering war axe
 25630 | D:12     | Identified the +10 war axe of Xuitaly {chop, Dex+4} (You found it on level 12 of the Dungeon)
 25782 | D:12     | Learned a level 3 spell: Regeneration
 25860 | D:12     | Identified a scroll of acquirement
 25863 | D:12     | Got a vibrating tin ring
 25864 | D:12     | Identified the ring of Desertification {rElec MR- Int+4 Dex+5} (You acquired it on level 12 of the Dungeon)
 25879 | D:12     | Found a shimmering altar of Xom.
 26437 | D:12     | Found a stormy altar of Qazlal.
 26599 | D:13     | Found a shimmering altar of Xom.
 26887 | D:13     | Found a gate to the Vaults.
 27313 | D:14     | Found a sacrificial altar of Ru.
 27666 | D:14     | Reached skill level 16 in Axes
 27666 | D:14     | Reached XP level 15. HP: 58/132 MP: 24/24
 27926 | D:14     | Found a shadowy altar of Dithmenos.
 28080 | D:14     | Received a gift from Okawaru
 28118 | D:14     | Found a hide-covered altar of Uskayaw.
 28236 | D:14     | Found a roughly hewn altar of Beogh.
 28381 | D:15     | Entered Level 15 of the Dungeon
 28714 | D:15     | Found a hazy altar of Hepliaklqana.
 29177 | D:15     | Found a staircase to the Depths.
 29258 | D:15     | Found Tyextei's Book Boutique.
 29364 | D:15     | Received a gift from Okawaru
 29443 | D:15     | Got a steaming scale mail {god gift}
 29444 | D:15     | Identified the +5 scale mail of Starshine {+Blink Regen+ Dex-2} (Okawaru gifted it to you on level 15 of the Dungeon)
 29927 | D:15     | Reached skill level 5 in Evocations
 30261 | D:15     | Learned a level 1 spell: Apportation
 30264 | D:15     | Learned a level 2 spell: Blink
 30267 | D:15     | Learned a level 2 spell: Repel Missiles
 30884 | Orc:1    | Entered Level 1 of the Orcish Mines
 31004 | Orc:1    | Found Bapnadem's Food Boutique.
 31090 | Orc:1    | Noticed Urug
 31100 | Orc:1    | Killed Urug
 31822 | Orc:1    | You are sucked into a shaft!
 31822 | Orc:2    | Entered Level 2 of the Orcish Mines
 31951 | Orc:2    | Found Baponuys's Bounteous Boutique.
 32027 | Orc:2    | Found a staircase to the Elven Halls.
 32543 | Orc:1    | Got a warped broad axe
 32544 | Orc:1    | Identified the +8 broad axe of the Ghost {speed, Str+6} (You found it on level 1 of the Orcish Mines)
 32934 | Orc:2    | Found Pateovac's Jewellery Emporium.
 32978 | Orc:2    | Reached skill level 17 in Axes
 32999 | Orc:2    | Found Faev's Jewellery Shop.
 33020 | Orc:2    | Found Cuter Buh's Food Emporium.
 33023 | Orc:2    | Found Askoydgh's Antique Weapon Shop.
 33173 | Orc:2    | Bought a +6 amulet of reflection for 375 gold pieces
 33464 | Spider:1 | Entered Level 1 of the Spider Nest
 33472 | Spider:1 | Reached XP level 16. HP: 132/141 MP: 26/26
 33475 | Spider:1 | Received a gift from Okawaru
 33494 | Spider:1 | Got a pitted crystal plate armour {god gift}
 33505 | Spider:1 | Identified the +9 crystal plate armour "Irhyuwk" {Str+3} (Okawaru gifted it to you on level 1 of the Spider Nest)
 36216 | Spider:3 | Reached skill level 18 in Axes
 36576 | Spider:3 | Received a gift from Okawaru
 37046 | Spider:4 | Entered Level 4 of the Spider Nest
 37492 | Spider:4 | Received a gift from Okawaru
 37502 | Spider:4 | Reached XP level 17. HP: 146/151 MP: 28/28
 37865 | Spider:4 | Received a gift from Okawaru
 37878 | Spider:4 | Got a smoking war axe {god gift}
 38146 | Spider:4 | Got a gossamer rune of Zot
 38539 | Lair:4   | Identified the +5 war axe of Forgiveness {vamp, *Noise rN+ Dex+6} (Okawaru gifted it to you on level 4 of the Spider Nest)
 38557 | Swamp:1  | Entered Level 1 of the Swamp
 38688 | Swamp:1  | Reached skill level 19 in Axes
 38735 | Swamp:1  | Noticed Kirke
 38759 | Swamp:1  | Killed Kirke
 38765 | Swamp:1  | Found a burning altar of Makhleb.
 39131 | Swamp:1  | Received a gift from Okawaru
 39429 | Swamp:2  | Noticed Louise
 39445 | Swamp:2  | Killed Louise
 39868 | Swamp:2  | You are sucked into a shaft!
 40005 | Swamp:3  | Noticed a tentacled monstrosity
 40017 | Swamp:3  | Killed a tentacled monstrosity
 40141 | Swamp:3  | Noticed Donald
 40145 | Swamp:3  | Killed Donald
 40273 | Swamp:3  | Reached XP level 18. HP: 136/161 MP: 29/29
 40531 | Swamp:3  | Noticed Bai Suzhen
 40557 | Swamp:3  | Killed Bai Suzhen
 40557 | Swamp:3  | Received a gift from Okawaru
 40557 | Swamp:3  | Reached skill level 15 in Shields
 40813 | Swamp:4  | Entered Level 4 of the Swamp
 41186 | Swamp:4  | Reached skill level 15 in Fighting
 41324 | Swamp:4  | Got a decaying rune of Zot
 41836 | Swamp:4  | Reached skill level 15 in Armour
 42372 | Vaults:1 | Entered Level 1 of the Vaults
 42551 | Vaults:1 | You are sucked into a shaft!
 42584 | Vaults:2 | Reached skill level 20 in Axes
 42652 | Vaults:2 | Noticed Mara
 42669 | Vaults:2 | Noticed Exeterus's illusion
 42680 | Vaults:2 | Killed Mara
 42680 | Vaults:2 | Received a gift from Okawaru
 43181 | Vaults:2 | Found Amaickut's Food Shop.
 43613 | Vaults:1 | Reached XP level 19. HP: 170/170 MP: 31/31
 44075 | Vaults:1 | Found Dymotoit's Food Shop.
 44113 | Vaults:1 | Received a gift from Okawaru
 44375 | Vaults:1 | Gained mutation: Your spells are a little easier to cast, but a little less powerful. [a neqoxec]
 46100 | Vaults:3 | Reached skill level 21 in Axes
 46464 | Vaults:3 | Reached skill level 10 in Spellcasting
 46522 | Vaults:3 | Received a gift from Okawaru
 47016 | Vaults:3 | Reached XP level 20. HP: 162/180 MP: 33/33
 47178 | Vaults:3 | Reached skill level 15 in Dodging
 47464 | Vaults:3 | Found a staircase to the Crypt.
 47464 | Vaults:3 | Found a basalt altar of Yredelemnul.
 47465 | Vaults:3 | Found an ancient bone altar of Kikubaaqudgha.
 48025 | Vaults:4 | Received a gift from Okawaru
 48188 | Vaults:4 | Noticed Frederick
 48205 | Vaults:4 | Killed Frederick
 49171 | Vaults:5 | Entered Level 5 of the Vaults
 49179 | Vaults:5 | Received a gift from Okawaru
 49194 | Vaults:5 | Reached skill level 22 in Axes
 49205 | Vaults:5 | Noticed a golden dragon
 49206 | Vaults:5 | Received a gift from Okawaru
 49228 | Vaults:5 | Killed a golden dragon
 49231 | Vaults:5 | Noticed an ancient lich
 49526 | Vaults:4 | Killed an ancient lich
 49650 | Vaults:5 | Received a gift from Okawaru
 49657 | Vaults:5 | Reached XP level 21. HP: 122/191 MP: 28/34
 49680 | Vaults:5 | HP: 8/191 [shadow dragon/bolt of negative energy (19)]
 50205 | Vaults:5 | Received a gift from Okawaru
 50234 | Vaults:5 | Got an ichor-stained hat {god gift}
 50251 | Vaults:4 | Identified the -6 hat of Eduhol {rF+ rC+} (Okawaru gifted it to you on level 5 of the Vaults)
 50394 | Vaults:5 | Got a smoking plate armour
 50395 | Vaults:5 | Identified the +3 plate armour "Bokuzoch" {rF++ rC+} (You found it on level 5 of the Vaults)
 50451 | Vaults:5 | Got a slimy bone ring
 50452 | Vaults:5 | Identified the ring "Ducruqye" {rPois Str+4} (You found it on level 5 of the Vaults)
 50926 | Vaults:5 | Got an ancient ivory ring
 51417 | Vaults:5 | Noticed an ancient lich
 51425 | Vaults:5 | Killed an ancient lich
 51427 | Vaults:5 | Noticed a golden dragon
 51435 | Vaults:5 | Killed a golden dragon
 51441 | Vaults:5 | Reached skill level 23 in Axes
 51459 | Vaults:5 | Received a gift from Okawaru
 51477 | Vaults:5 | Got a silver rune of Zot
 51824 | Vaults:5 | Identified the ring "Mias" {*Drain rN++ Int+4 Dex+3 Stlth+} (You took it off a yaktaur captain on level 5 of the Vaults)
 51835 | Vaults:5 | Got a slimy steel amulet
 51836 | Vaults:5 | Identified the amulet "Gozyorev" {+Rage rPois MR+ Int-4 Slay+5} (You acquired it on level 5 of the Vaults)
 52057 | Depths:1 | Entered Level 1 of the Depths
 52266 | Crypt:1  | Entered Level 1 of the Crypt
 52715 | Crypt:1  | Noticed Margery
 52728 | Crypt:1  | Killed Margery
 52728 | Crypt:1  | Reached XP level 22. HP: 201/201 MP: 36/36
 52732 | Crypt:1  | Received a gift from Okawaru
 53673 | Crypt:2  | Learned a level 2 spell: Passwall
 54016 | Crypt:2  | Learned a level 2 spell: Shroud of Golubria
 54019 | Crypt:2  | Learned a level 2 spell: Song of Slaying
 54049 | Crypt:2  | Received a gift from Okawaru
 54628 | Crypt:3  | Entered Level 3 of the Crypt
 55067 | Crypt:3  | Found a staircase to the Tomb.
 55604 | Crypt:3  | Received a gift from Okawaru
 55638 | Crypt:3  | Got a pair of scorched boots {god gift}
 55649 | Crypt:3  | Identified the +1 pair of boots "Uloqaism" {rF+ rN+ Str-5 Int+2} (Okawaru gifted it to you on level 3 of the Crypt)
 55689 | Crypt:3  | Found a basalt altar of Yredelemnul.
 56492 | Crypt:3  | Reached skill level 24 in Axes
 56559 | Crypt:3  | Identified the Collected Works on Evil
 56569 | Crypt:3  | Learned a level 8 spell: Necromutation
 57206 | Elf:1    | Entered Level 1 of the Elven Halls
 57332 | Elf:1    | Noticed Agnes
 57338 | Elf:1    | Killed Agnes
 57440 | Elf:1    | Reached XP level 23. HP: 211/211 MP: 37/37
 57860 | Elf:1    | Received a gift from Okawaru
 58839 | Elf:2    | Found a huge runed gate.
 58839 | Elf:2    | Found a huge runed gate.
 58839 | Elf:2    | Found a huge runed gate.
 58839 | Elf:2    | Found a huge runed gate.
 58844 | Elf:2    | Found a huge runed gate.
 59519 | Elf:3    | Entered Level 3 of the Elven Halls
 59629 | Elf:3    | Received a gift from Okawaru
 59633 | Elf:3    | Got a pair of transparent gloves {god gift}
 59634 | Elf:3    | Identified the +0 pair of gloves of Limited Liability {Regen+} (Okawaru gifted it to you on level 3 of the Elven Halls)
 60071 | Elf:3    | Killed from afar by a deep elf annihilator

Vault maps used:
D:1:      scummos_arrival_gate, minmay_lizard_king
D:2:      lemuel_crystal_altar, nicolae_overflow_crystal_walls,
          lemuel_crystal_altar, uniq_sigmund
D:3:      johnstein_pakellas_dig, first_bread, minmay_distorted, uniq_natasha
D:4:      minmay_temple_entry_mist, yredelemnul_altar_generic, uniq_eustachio
D:5:      minmay_misc_feat_square, uniq_edmund, uniq_menkaure
D:7:      nicolae_overflow_hidden_temple, serial_shops, kennysheep_mini_moat
D:8:      trog_ov_bears_minmay, overflow_temple_1_default,
          overflow_temple_1_default, kennysheep_little_box, serial_shops, shop,
          gup_ossuary_entry_pyramid
D:9:      serial_shops, nicolae_shop_behind_doors
D:10:     david_lair_shrubbed, david_nohive_1, grunt_gozag_statues
D:11:     serial_shops, shop_fountains, enter_bailey_3, minmay_misc_feat_tiny
D:12:     hangedman_screamer, basic_altar, nicolae_qazlal_style_of_elements
D:13:     david_vaults_1, serial_park_tiny_1, xom_teletrap_fun
D:14:     nicolae_ru_sacrificial_ziggurat, special_room, basic_altar,
          nicolae_dithmenos_the_darkroom
D:15:     grunt_enter_depths_magical_seal, kennysheep_flooded_box, serial_shops,
          shop_fountains, minmay_librarian
Temple:   circular_temple_12
Lair:2:   spider_nest_entry_web_field, wad_woods_04
Lair:3:   serial_bayou_pond_c, lemuel_fruit_fields, grunt_megastairs_2,
          uniq_harold, uniq_maud
Lair:4:   swamp_mist, bobbens_dragon_lair_wall
Lair:5:   serial_bayou_shore_b, grunt_megastairs_4
Lair:6:   minmay_lair_end_frog_pond, minmay_slime_entry_pillars
Swamp:1:  basic_altar, swamp_pool2, lightli_tree_ring, uniq_kirke
Swamp:2:  evilmike_swamp_ruin_rubble_2, swamp_pool1, uniq_louise
Swamp:3:  evilmike_swamp_ruin_house_3, swamp_pool2, uniq_bai_suzhen, uniq_donald
Swamp:4:  swamp
Spider:4: grunt_spider_rune_circles
Orc:1:    giant_chief_lemuel, serial_shops, nicolae_shop_trees, uniq_urug
Orc:2:    st_orc_elflike, nicolae_alphabet_shops, statue_in_the_mist_lemuel
Elf:1:    hangedman_corner_corridor, grunt_ministairs_13, uniq_agnes
Elf:2:    serial_sigils_hangedman_leer, hex_tiny
Elf:3:    grunt_elf_hall_diamonds, serial_shops, shop_fountains
Vaults:1: vaults_dpeg_spiral, v_misc_17, ontoclasm_vaults_shuriken,
          vaults_room_hangedman_quadrants, nicolae_vaults_diagonal_hallway_8,
          serial_shops, nicolae_shop_statue_plus
Vaults:2: nicolae_vaults_little_squares_1, v_misc_3, v_rooms_6,
          vaults_room_door_hall, hangedman_vaults_restitches, vaults_room_grid,
          nicolae_vaults_arrows, v_misc_33, nicolae_vaults_specimen_jars,
          st_more_cells, ontoclasm_vaults_ligature, serial_shops, shop,
          uniq_mara
Vaults:3: vaults_room_hallway, vaults_room_corners, ontoclasm_vaults_tryst,
          ontoclasm_vaults_spin, v_alt_pattern_2, nicolae_vaults_alarming,
          vaults_standard_mumra_enter_the_diamond, v_pattern_2,
          vaults_dpeg_encased_lava, st_lines, minmay_crypt_entry_necro_gods
Vaults:4: nicolae_vaults_network_square, nicolae_vaults_circle_grid_a,
          ontoclasm_vaults_shout, vaults_mumra_minichess_inversion,
          vaults_room_corners, grunt_vaults_hallway_short,
          nicolae_vaults_border_crossing, uniq_frederick
Crypt:1:  skrybe_necro_troll_1, grunt_crypt_arrival_split,
          roderic_lattice_octagonal_star, uniq_margery
Crypt:3:  church_of_pain_bobbens, grunt_ministairs_12,
          small_statue_intersection, serial_sigils_hangedman_clutch
Depths:1: hell_entry, minmay_misc_feat_diagonals, minmay_three_doors
Ossuary:  ossuary_tomb_2
Bailey:   bailey_polearm_gnolls_kennysheep, bailey

Skill      XL: |  1  2  3  4  5  6  7  8  9 10 11 12 13 14 15 16 17 18 19 20 21 22 23 |
---------------+----------------------------------------------------------------------+-----
Axes           | 3 4 5 6 7 9 11 12 13 14 16 17 18 19 20 21 22 23 24 | 24.8
Dodging        | 1 2 3 4 5 7 8 9 10 11 12 13 14 15 16 17 | 17.4
Armour         | 4 5 6 7 8 9 10 11 12 13 14 15 16 17 18 | 18.7
Fighting       | 4 5 6 7 8 9 10 11 12 13 14 15 16 17 18 19 | 19.0
Shields        | 4 5 6 7 8 9 10 11 12 13 14 15 16 17 18 19 | 19.0
Spellcasting   | 1 2 3 4 5 6 7 8 9 10 11 | 11.9
Invocations    | 1 3 4 |  4.8
Evocations     | 1 4 5 6 |  6.1

Action                   |  1- 3 |  4- 6 |  7- 9 | 10-12 | 13-15 | 16-18 | 19-21 | 22-24 || total
-------------------------+-------+-------+-------+-------+-------+-------+-------+-------++-------
Melee: War axe           |   111 |   128 |   397 |   761 |   965 |       |       |       ||  2362
       Headbutt          |    13 |    23 |    78 |   156 |   383 |   394 |   387 |   314 ||  1748
       Flail             |       |       |       |    11 |    13 |       |       |       ||    24
       Spear             |       |       |       |       |   183 |     4 |       |       ||   187
       Broad axe         |       |       |       |       |   260 |  1407 |  1242 |   835 ||  3744
 Cast: Repel Missiles    |       |       |       |       |       |       |     1 |       ||     1
Invok: Heroism           |       |       |       |     1 |       |       |     1 |       ||     2
       Finesse           |       |       |       |     1 |     3 |     6 |     5 |     3 ||    18
 Abil: Evoke Invisibilit |       |       |       |       |       |     3 |     4 |     1 ||     8
       Evoke Flight      |       |       |       |       |       |     3 |       |       ||     3
Evoke: Wand              |       |     1 |       |       |       |       |       |       ||     1
  Use: Scroll            |       |     7 |     7 |    13 |    19 |     5 |    10 |     9 ||    70
       Potion            |       |     6 |       |     7 |     4 |     3 |    10 |     4 ||    34
 Stab: Invisible         |       |       |       |     9 |       |    36 |     7 |       ||    52
       Petrified         |       |       |       |       |     2 |       |       |       ||     2
       Petrifying        |       |       |       |       |     1 |       |       |       ||     1
       Paralysed         |       |       |       |       |       |     1 |       |       ||     1
       Distracted        |       |       |       |       |       |       |       |     3 ||     3
  Eat: Chunk             |     2 |     6 |    13 |    27 |    37 |    30 |    26 |    10 ||   151
       Pizza             |       |       |     1 |       |     2 |     1 |       |     1 ||     5
       Fruit             |       |       |     3 |     2 |     4 |       |     2 |    17 ||    28
       Royal jelly       |       |       |     1 |       |       |       |       |       ||     1
       Beef jerky        |       |       |       |     1 |     4 |     2 |     2 |     2 ||    11
Armor: Scale mail        |    81 |     4 |       |       |       |       |       |       ||    85
       Chain mail        |       |    54 |   142 |    55 |       |       |       |       ||   251
       Plate armour      |       |       |       |   216 |   476 |    15 |       |       ||   707
       Crystal plate arm |       |       |       |       |       |   420 |   224 |   213 ||   857
Dodge: Dodged            |    29 |    47 |    92 |   228 |   432 |   250 |   181 |   164 ||  1423
       Deflected         |       |       |       |       |       |       |     1 |     6 ||     7
Block: Shield            |    77 |    87 |   192 |   429 |   788 |   895 |   613 |   340 ||  3421
       Reflection        |       |       |       |       |       |    25 |    74 |    35 ||   134
